[ PARTIDA AOE2 · #494021373 ]
UnrankedTeutones vs Teutons
Equipo del jugador · VICT
Equipo rival · DERR
[ ANÁLISIS DE REPETICIÓN · EXTRAÍDO DE LA PARTIDA GRABADA ]
Feudal
8:26
Castillos
25:49
Imperial
—
| APM promedio | 35.4 |
| APM pico | 63 |
| eAPM promedio | 21.0 |
| Aldeanos / militares | 69 / 3 |
Foco
⚔️ 27.4% · 🌾 72.6%
Mangonel ×2 · Battering Ram ×1
Feudal
10:08
Castillos
17:05
Imperial
—
| APM promedio | 39.8 |
| APM pico | 86 |
| eAPM promedio | 26.2 |
| Aldeanos / militares | 60 / 17 |
Foco
⚔️ 29.6% · 🌾 70.4%
Mangonel ×15 · Battering Ram ×2
Mapa de la partida
Recursos iniciales + cada clic de construcción. Líneas = muros · curvas = relieve. ◆ oro · ⬟ piedra · ● bayas · ✦ reliquia · ◌ hueco del cierre
Tu base· ✓ Cerrada en 25:49 · 5t muro · 3 puerta(s)
Base de Player86688262· ✓ Cerrada en 17:05 · 46t muro · 4 puerta(s)
Terreno inicial suavizado · ◌ = hueco del cierre detectado · pasá el cursor para detalles
Inputs por minuto
— TRUM - - Player86688262
Build order — TRUM
147 acciones detectadas en el replay
| 0:01 | Crear | Villager (Male) |
| 0:02 | Construir | House |
| 0:03 | Construir | House |
| 0:14 | Crear | Villager (Male) |
| 0:15 | Crear | Villager (Male) |
| 0:15 | Crear | Villager (Male) |
| 1:27 | Crear | Villager (Male) |
| 2:01 | Crear | Villager (Male) |
| 2:06 | Crear | Villager (Male) |
| 2:07 | Crear | Villager (Male) |
| 2:11 | Construir | Lumber Camp |
| 2:31 | Crear | Villager (Male) |
| 2:31 | Crear | Villager (Male) |
| 3:07 | Crear | Villager (Male) |
| 3:38 | Crear | Villager (Male) |
| 3:39 | Crear | Villager (Male) |
| 3:39 | Crear | Villager (Male) |
| 3:50 | Construir | House |
| 4:12 | Crear | Villager (Male) |
| 4:12 | Crear | Villager (Male) |
| 4:37 | Crear | Villager (Male) |
| 4:37 | Crear | Villager (Male) |
| 4:44 | Construir | Mill |
| 4:49 | Crear | Villager (Male) |
| 4:50 | Crear | Villager (Male) |
| 4:50 | Crear | Villager (Male) |
| 5:04 | Investigar | Loom |
| 6:15 | Investigar | Feudal Age |
| 6:15 | Investigar | Feudal Age |
| 6:29 | Construir | House |
| 7:56 | Construir | Mining Camp |
| 8:26 | Edad | Edad Feudal |
| 8:29 | Investigar | Town Watch |
| 8:32 | Construir | Blacksmith |
| 8:48 | Construir | Watch Tower |
| 8:51 | Crear | Villager (Male) |
| 9:14 | Crear | Villager (Male) |
| 9:17 | Investigar | Fletching |
| 9:17 | Investigar | Fletching |
| 9:34 | Crear | Villager (Male) |
| 9:34 | Crear | Villager (Male) |
| 9:34 | Crear | Villager (Male) |
| 10:02 | Construir | House |
| 10:09 | Crear | Villager (Male) |
| 10:09 | Crear | Villager (Male) |
| 10:37 | Crear | Villager (Male) |
| 10:38 | Crear | Villager (Male) |
| 10:45 | Construir | Watch Tower |
| 10:59 | Crear | Villager (Male) |
| 10:59 | Crear | Villager (Male) |
| 11:30 | Crear | Villager (Male) |
| 11:30 | Crear | Villager (Male) |
| 11:49 | Crear | Villager (Male) |
| 11:49 | Crear | Villager (Male) |
| 12:01 | Construir | Mill |
| 12:11 | Construir | Watch Tower |
| 12:19 | Crear | Villager (Male) |
| 12:19 | Crear | Villager (Male) |
| 12:20 | Crear | Villager (Male) |
| 12:20 | Crear | Villager (Male) |
| 13:11 | Construir | Palisade Wall |
| 13:12 | Construir | Palisade Wall |
| 13:13 | Construir | Palisade Wall |
| 13:15 | Construir | Palisade Wall |
| 13:17 | Construir | Palisade Wall |
| 13:28 | Crear | Villager (Male) |
| 13:28 | Crear | Villager (Male) |
| 13:29 | Crear | Villager (Male) |
| 13:32 | Construir | House |
| 13:58 | Crear | Villager (Male) |
| 13:58 | Crear | Villager (Male) |
| 14:02 | Construir | Farm |
| 14:14 | Construir | Watch Tower |
| 14:27 | Construir | Palisade Wall |
| 14:37 | Crear | Villager (Male) |
| 14:38 | Crear | Villager (Male) |
| 14:44 | Construir | Farm |
| 14:46 | Construir | Farm |
| 14:55 | Crear | Villager (Male) |
| 15:11 | Crear | Villager (Male) |
| 15:21 | Investigar | Double-Bit Axe |
| 15:21 | Investigar | Double-Bit Axe |
| 15:30 | Construir | Farm |
| 15:48 | Crear | Villager (Male) |
| 15:57 | Construir | House |
| 16:24 | Construir | Outpost |
| 16:26 | Crear | Villager (Male) |
| 16:46 | Construir | Watch Tower |
| 17:00 | Crear | Villager (Male) |
| 17:04 | Construir | Palisade Wall |
| 17:06 | Construir | Palisade Wall |
| 17:23 | Crear | Villager (Male) |
| 17:43 | Construir | Mining Camp |
| 18:01 | Construir | Watch Tower |
| 18:02 | Crear | Villager (Male) |
| 18:10 | Investigar | Wheelbarrow |
| 18:11 | Investigar | Wheelbarrow |
| 18:56 | Crear | Villager (Male) |
| 19:33 | Construir | Market |
| 19:53 | Crear | Villager (Male) |
| 20:42 | Crear | Villager (Male) |
| 20:47 | Crear | Villager (Male) |
| 21:25 | Crear | Villager (Male) |
| 21:26 | Construir | House |
| 21:35 | Construir | Farm |
| 21:36 | Construir | Farm |
| 21:36 | Construir | Farm |
| 21:36 | Construir | Farm |
| 21:36 | Construir | Farm |
| 21:49 | Construir | Watch Tower |
| 22:01 | Crear | Villager (Male) |
| 22:10 | Construir | Farm |
| 22:10 | Construir | Farm |
| 22:23 | Crear | Villager (Male) |
| 23:01 | Construir | Farm |
| 23:01 | Construir | Farm |
| 23:09 | Investigar | Castle Age |
| 23:09 | Investigar | Castle Age |
| 23:31 | Construir | House |
| 24:12 | Construir | Lumber Camp |
| 24:30 | Investigar | Stone Mining |
| 24:49 | Construir | Watch Tower |
| 24:59 | Investigar | Gold Mining |
| 24:59 | Investigar | Gold Mining |
| 25:49 | Edad | Edad de los Castillos |
| 25:52 | Construir | Siege Workshop |
| 25:54 | Investigar | Bodkin Arrow |
| 25:54 | Investigar | Bodkin Arrow |
| 26:30 | Crear | Mangonel |
| 26:44 | Crear | Villager (Male) |
| 26:44 | Crear | Villager (Male) |
| 26:59 | Construir | House |
| 27:34 | Crear | Mangonel |
| 27:38 | Crear | Villager (Male) |
| 27:41 | Construir | Watch Tower |
| 27:44 | Crear | Villager (Male) |
| 27:47 | Crear | Villager (Male) |
| 27:53 | Investigar | Bow Saw |
| 27:53 | Investigar | Bow Saw |
| 28:13 | Crear | Villager (Male) |
| 28:24 | Construir | Town Center |
| 28:35 | Crear | Villager (Male) |
| 28:55 | Construir | Outpost |
| 29:03 | Crear | Battering Ram |
| 29:13 | Crear | Villager (Male) |
| 29:20 | Construir | Lumber Camp |
| 30:22 | Construir | Castle |
Build order — Player86688262
Primeras 150 de 160 acciones detectadas
| 0:02 | Crear | Villager (Male) |
| 0:02 | Crear | Villager (Male) |
| 0:02 | Crear | Villager (Male) |
| 0:02 | Crear | Villager (Male) |
| 0:03 | Construir | House |
| 0:04 | Construir | House |
| 1:35 | Crear | Villager (Male) |
| 1:36 | Crear | Villager (Male) |
| 1:36 | Crear | Villager (Male) |
| 1:47 | Construir | Lumber Camp |
| 2:05 | Crear | Villager (Male) |
| 2:05 | Crear | Villager (Male) |
| 2:21 | Crear | Villager (Male) |
| 2:21 | Crear | Villager (Male) |
| 2:49 | Crear | Villager (Male) |
| 2:49 | Crear | Villager (Male) |
| 3:15 | Crear | Villager (Male) |
| 3:15 | Crear | Villager (Male) |
| 3:48 | Crear | Villager (Male) |
| 3:48 | Crear | Villager (Male) |
| 3:52 | Construir | House |
| 4:02 | Crear | Villager (Male) |
| 4:02 | Crear | Villager (Male) |
| 4:25 | Construir | Mill |
| 4:27 | Construir | Palisade Wall |
| 4:29 | Construir | Palisade Wall |
| 4:31 | Construir | Palisade Wall |
| 4:35 | Crear | Villager (Male) |
| 4:35 | Crear | Villager (Male) |
| 4:35 | Crear | Villager (Male) |
| 4:38 | Construir | Palisade Wall |
| 4:41 | Construir | Palisade Gate |
| 4:45 | Construir | Palisade Wall |
| 4:54 | Construir | Palisade Wall |
| 5:01 | Crear | Villager (Male) |
| 5:01 | Crear | Villager (Male) |
| 5:01 | Crear | Villager (Male) |
| 5:02 | Crear | Villager (Male) |
| 5:18 | Construir | Palisade Wall |
| 5:20 | Construir | Palisade Wall |
| 5:22 | Construir | Palisade Wall |
| 5:25 | Construir | Palisade Wall |
| 5:27 | Construir | Palisade Wall |
| 5:50 | Crear | Villager (Male) |
| 5:51 | Crear | Villager (Male) |
| 5:53 | Construir | House |
| 6:23 | Crear | Villager (Male) |
| 6:23 | Crear | Villager (Male) |
| 6:23 | Crear | Villager (Male) |
| 7:26 | Construir | Mining Camp |
| 7:31 | Crear | Villager (Male) |
| 7:51 | Investigar | Feudal Age |
| 8:27 | Construir | Farm |
| 8:28 | Construir | Farm |
| 9:00 | Construir | Palisade Wall |
| 9:02 | Construir | Palisade Wall |
| 9:35 | Construir | Palisade Wall |
| 9:36 | Construir | Palisade Wall |
| 9:38 | Construir | Palisade Wall |
| 9:40 | Investigar | Loom |
| 9:42 | Construir | Palisade Wall |
| 9:50 | Construir | Palisade Wall |
| 9:51 | Construir | Palisade Wall |
| 9:54 | Construir | Palisade Wall |
| 9:56 | Construir | Palisade Wall |
| 10:01 | Construir | Palisade Wall |
| 10:02 | Construir | Palisade Wall |
| 10:08 | Edad | Edad Feudal |
| 10:08 | Construir | Palisade Wall |
| 10:09 | Construir | Palisade Wall |
| 10:14 | Crear | Villager (Male) |
| 10:35 | Construir | Palisade Wall |
| 10:39 | Construir | Market |
| 10:41 | Construir | Palisade Wall |
| 10:44 | Construir | Palisade Wall |
| 11:56 | Construir | Watch Tower |
| 12:04 | Crear | Villager (Male) |
| 12:13 | Construir | Palisade Wall |
| 12:14 | Construir | Palisade Wall |
| 12:21 | Construir | Palisade Wall |
| 12:58 | Crear | Villager (Male) |
| 12:58 | Crear | Villager (Male) |
| 13:28 | Construir | House |
| 14:06 | Construir | Blacksmith |
| 14:25 | Investigar | Castle Age |
| 14:53 | Construir | Lumber Camp |
| 16:11 | Investigar | Fletching |
| 16:25 | Construir | House |
| 16:28 | Construir | House |
| 17:05 | Edad | Edad de los Castillos |
| 17:20 | Construir | Siege Workshop |
| 17:26 | Investigar | Double-Bit Axe |
| 17:38 | Crear | Mangonel |
| 17:39 | Crear | Mangonel |
| 17:50 | Construir | Lumber Camp |
| 17:52 | Construir | Lumber Camp |
| 17:54 | Crear | Villager (Male) |
| 17:54 | Crear | Villager (Male) |
| 17:54 | Crear | Villager (Male) |
| 18:12 | Construir | Lumber Camp |
| 18:15 | Construir | Palisade Wall |
| 18:17 | Construir | Palisade Wall |
| 19:08 | Construir | Palisade Wall |
| 19:08 | Construir | Palisade Wall |
| 20:58 | Construir | Mill |
| 20:59 | Construir | Farm |
| 21:00 | Construir | Farm |
| 21:57 | Construir | Farm |
| 22:27 | Construir | Farm |
| 22:28 | Construir | Farm |
| 22:30 | Construir | Farm |
| 22:31 | Construir | Farm |
| 22:39 | Crear | Mangonel |
| 22:39 | Crear | Mangonel |
| 23:00 | Crear | Villager (Male) |
| 23:00 | Crear | Villager (Male) |
| 23:18 | Crear | Mangonel |
| 23:18 | Crear | Mangonel |
| 23:24 | Construir | House |
| 23:25 | Construir | House |
| 23:44 | Crear | Villager (Male) |
| 23:44 | Crear | Villager (Male) |
| 24:08 | Crear | Villager (Male) |
| 24:08 | Crear | Villager (Male) |
| 24:09 | Crear | Battering Ram |
| 24:09 | Crear | Battering Ram |
| 24:14 | Crear | Mangonel |
| 24:15 | Crear | Mangonel |
| 24:33 | Construir | Farm |
| 24:34 | Construir | Farm |
| 24:36 | Crear | Villager (Male) |
| 24:36 | Crear | Villager (Male) |
| 25:01 | Crear | Villager (Male) |
| 25:01 | Crear | Villager (Male) |
| 25:23 | Crear | Mangonel |
| 25:23 | Crear | Mangonel |
| 25:39 | Crear | Villager (Male) |
| 25:39 | Crear | Villager (Male) |
| 25:39 | Crear | Villager (Male) |
| 26:24 | Crear | Villager (Male) |
| 26:24 | Crear | Villager (Male) |
| 26:49 | Crear | Villager (Male) |
| 27:08 | Crear | Villager (Male) |
| 27:08 | Crear | Villager (Male) |
| 27:59 | Investigar | Bow Saw |
| 28:26 | Crear | Villager (Male) |
| 28:26 | Crear | Villager (Male) |
| 28:27 | Crear | Villager (Male) |
| 28:28 | Crear | Mangonel |
| 28:29 | Crear | Mangonel |
Cronología de la partida
| 4:27 | Player86688262 · wall_segment Palisade Wall x1 |
| 4:29 | Player86688262 · wall_segment Palisade Wall x1 |
| 4:31 | Player86688262 · wall_segment Palisade Wall x1 |
| 4:38 | Player86688262 · wall_segment Palisade Wall x1 |
| 4:45 | Player86688262 · wall_segment Palisade Wall x1 |
| 4:54 | Player86688262 · wall_segment Palisade Wall x1 |
| 5:18 | Player86688262 · wall_segment Palisade Wall x1 |
| 5:20 | Player86688262 · wall_segment Palisade Wall x1 |
| 5:22 | Player86688262 · wall_segment Palisade Wall x1 |
| 5:25 | Player86688262 · wall_segment Palisade Wall x1 |
| 5:27 | Player86688262 · wall_segment Palisade Wall x1 |
| 8:26 | TRUM · age_up feudal |
| 9:00 | Player86688262 · wall_segment Palisade Wall x1 |
| 9:02 | Player86688262 · wall_segment Palisade Wall x4 |
| 9:35 | Player86688262 · wall_segment Palisade Wall x1 |
| 9:36 | Player86688262 · wall_segment Palisade Wall x1 |
| 9:38 | Player86688262 · wall_segment Palisade Wall x1 |
| 9:42 | Player86688262 · wall_segment Palisade Wall x1 |
| 9:50 | Player86688262 · wall_segment Palisade Wall x1 |
| 9:51 | Player86688262 · wall_segment Palisade Wall x3 |
| 9:54 | Player86688262 · wall_segment Palisade Wall x1 |
| 9:56 | Player86688262 · wall_segment Palisade Wall x6 |
| 10:01 | Player86688262 · wall_segment Palisade Wall x1 |
| 10:02 | Player86688262 · wall_segment Palisade Wall x6 |
| 10:08 | Player86688262 · age_up feudal |
| 10:08 | Player86688262 · wall_segment Palisade Wall x1 |
| 10:09 | Player86688262 · wall_segment Palisade Wall x3 |
| 10:35 | Player86688262 · wall_segment Palisade Wall x1 |
| 10:41 | Player86688262 · wall_segment Palisade Wall x1 |
| 10:44 | Player86688262 · wall_segment Palisade Wall x1 |
| 12:13 | Player86688262 · wall_segment Palisade Wall x1 |
| 12:14 | Player86688262 · wall_segment Palisade Wall x1 |
| 12:21 | Player86688262 · wall_segment Palisade Wall x1 |
| 13:11 | TRUM · wall_segment Palisade Wall x1 |
| 13:12 | TRUM · wall_segment Palisade Wall x1 |
| 13:13 | TRUM · wall_segment Palisade Wall x1 |
| 13:15 | TRUM · wall_segment Palisade Wall x1 |
| 13:17 | TRUM · wall_segment Palisade Wall x1 |
| 13:33 | Player86688262 · first_market_sell 100 food |
| 13:36 | Player86688262 · first_market_buy 100 wood |
| 14:27 | TRUM · wall_segment Palisade Wall x1 |
| 17:04 | TRUM · wall_segment Palisade Wall x1 |
| 17:05 | Player86688262 · age_up castle |
| 17:06 | TRUM · wall_segment Palisade Wall x1 |
| 17:20 | Player86688262 · first_building Siege Workshop |
| 18:15 | Player86688262 · wall_segment Palisade Wall x1 |
| 18:17 | Player86688262 · wall_segment Palisade Wall x10 |
| 19:08 | Player86688262 · wall_segment Palisade Wall x5 |
| 19:08 | Player86688262 · wall_segment Palisade Wall x1 |
| 20:45 | TRUM · first_market_buy 100 food |
| 21:20 | TRUM · first_market_sell 100 wood |
| 25:49 | TRUM · age_up castle |
| 25:52 | TRUM · first_building Siege Workshop |
| 29:22 | Player86688262 · first_building Barracks |
| 30:22 | TRUM · first_building Castle |
| 30:25 | Player86688262 · first_building Stable |
| 30:43 | Player86688262 · resign |
[ ANÁLISIS IA · 1 CRÉDITO ]
¿Qué pasó realmente en esta partida?
Wolo.gg analiza cada decisión: build order, eco, micro, errores típicos por bracket. Análisis personalizado por WhatsApp o Discord en 30 segundos.
Guía civ
Teutones
Perfil
TRUM